 Dungeon Crawl Stone Soup version 0.23.2-40-g277498a001 (webtiles) character file.

Game seed: 15652476170214145972

99 DildoBatman the Conjurer (level 5, -11/35 HPs)
             Began as a Formicid Wizard on Sept 10, 2019.
             Mangled by an orc
             ... wielding a +1 short sword of electrocution
              (20 damage)
             ... on level 3 of the Dungeon.
             The game lasted 00:06:13 (2276 turns).

DildoBatman the Conjurer (Formicid Wizard)          Turns: 2276, Time: 00:06:14

Health: -11/35     AC:  2    Str: 11    XL:     5   Next: 2%
Magic:  0/9        EV: 12    Int: 19    God:
Gold:   71         SH:  0    Dex:  9    Spells: 3/10 levels left

rFire    . . .     SeeInvis +   a - +0 hunting sling
rCold    . . .     Gourm    .   (no shield)
rNeg     . . .     Faith    .   o - +0 robe
rPois    .         Spirit   .   (helmet unavailable)
rElec    .         Reflect  .   (no cloak)
rCorr    .         Harm     .   (no gloves)
MR       .....                  (no boots)
Stlth    ++........             (no amulet)
HPRegen  0.11/turn              (no ring)
MPRegen  0.11/turn              (no ring)

@: no status effects
A: permanent stasis, dig shafts and tunnels, four strong arms, antennae 3
a: Dig, Shaft Self


You were on level 3 of the Dungeon.
You were hungry.

You visited 1 branch of the dungeon, and saw 3 of its levels.

You collected 71 gold pieces.

Inventory:

Hand Weapons
 a - a +0 hunting sling (weapon)
 b - a +2 morningstar of protection
 p - a cursed -2 short sword
Missiles
 c - 53 stones (quivered)
 e - 41 arrows
 f - 24 sling bullets
 h - 3 javelins
 j - 18 bolts
Armour
 o - a +0 robe (worn)
Magical Staves
 t - a cursed staff of poison {unknown}
Scrolls
 d - 2 scrolls of remove curse {unknown}
 n - a scroll of identify {unknown}
 r - 2 scrolls of blinking {unknown}
 s - a scroll of amnesia {unknown}
Potions
 g - a potion of lignification {unknown}
 i - 2 potions of might {unknown}
 k - a potion of berserk rage {unknown}
 l - a potion of curing {unknown}
 m - a potion of invisibility {unknown}
 q - a potion of mutation {unknown}
Comestibles
 v - 5 rations


   Skills:
 - Level 1.7 Dodging
 - Level 2.4 Stealth
 - Level 3.2 Spellcasting
 * Level 4.0 Conjurations
   Level 1.0 Summonings
   Level 0.8 Translocations


You had 3 spell levels left.
You knew the following spells:

 Your Spells              Type           Power        Failure   Level  Hunger
a - Conjure Flame         Conj/Fire      ##......     21%         3    ###....
c - Magic Dart            Conj           ###.         2%          1    None
e - Mephitic Cloud        Conj/Pois/Air  #.......     26%         3    ###....

Your spell library contained the following spells:

 Spells                   Type           Power        Failure   Level  Hunger
 Call Imp                 Summ           #.......     16%         2    ##.....
 Slow                     Hex            #.......     22%         2    ##.....
 Blink                    Tloc           Unusable     N/A         2    N/A

Dungeon Overview and Level Annotations

Branches:
Dungeon (3/15)

Altars:
Xom

Annotations:
D:1 Terence
D:2 1 exclusion, Jessica
D:3 1 exclusion


Innate Abilities, Weirdness & Mutations

You cannot be hasted, slowed, berserked, paralysed or teleported.
You can dig through walls and to a lower floor.
Your four strong arms can wield two-handed weapons with a shield.
You have a pair of large antennae on your head. (SInv)


Message History

The orc hits you with a +1 short sword of electrocution.
You are electrocuted!!
Ouch! That really hurt!
Casting: Magic Dart (safe; 2% risk of failure)
Confirm with . or Enter, or press ? or * to list all spells.
Aiming: Mephitic Cloud (safe; 26% risk of failure)
Press: ? - help, Shift-Dir - straight line, f/p - orc
Aim: an orc, wielding a +1 short sword of electrocution (severely wounded) That beam is likely to hit you.
Continue anyway?
The ball explodes into a vile cloud!
The stinking cloud engulfs the orc but does no damage.
The orc is severely wounded.
The stinking cloud engulfs you but does no damage.
You hear a shout!
The orc is engulfed in noxious fumes.
The orc appears confused.
The orc hits you with a +1 short sword of electrocution.
You are electrocuted!!
Ouch! That really hurt!
You die...

#.### #.# #.#
#.## #.# #...
##.######## #####
#.......... .....
#..######## ....#
#..# ## .. #..#
... #@.# ....
#o○# )....
#####☼○###†(....
#.....>...{.....(
#.###.#.###{%....
#.#.. ..##. #.#.#
... #(#.. ... ###
..


You could see an orc (confused).

Vanquished Creatures
  2 adders
  2 oozes
  A worm (D:2)
  2 dart slugs
  A leopard gecko (D:1)
  2 orcs (D:3)
  A ball python (D:2)
  7 bats
  2 giant cockroaches (D:2)
  6 goblins
  8 hobgoblins
  2 jackals (D:2)
  14 kobolds
  3 frilled lizards
  9 rats
62 creatures vanquished.

Notes
Turn   | Place    | Note
-------+----------+-------------------------------------------
     0 | D:1      | DildoBatman the Formicid Wizard began the quest for the
                  | Orb.
     0 | D:1      | Reached XP level 1. HP: 13/13 MP: 4/4
     9 | D:1      | Reached skill level 1 in Conjurations
   101 | D:1      | Reached XP level 2. HP: 11/19 MP: 0/6
   193 | D:1      | Reached skill level 2 in Conjurations
   528 | D:1      | Reached XP level 3. HP: 20/24 MP: 1/7
   533 | D:1      | Learned a level 3 spell: Conjure Flame
   537 | D:1      | Learned a level 3 spell: Mephitic Cloud
  1001 | D:2      | Reached skill level 3 in Conjurations
  1112 | D:2      | Reached XP level 4. HP: 28/30 MP: 2/8
  1205 | D:2      | Found a shimmering altar of Xom.
  1850 | D:3      | Noticed Terence
  2055 | D:3      | Reached skill level 4 in Conjurations
  2055 | D:3      | Reached XP level 5. HP: 14/35 MP: 1/9
  2148 | D:3      | Noticed Jessica
  2276 | D:3      | Mangled by an orc

Skill      XL: |  1  2  3  4 |
---------------+-------------+-----
Conjurations   | 1 2 3 4 |  4.0
Dodging        | |  1.7
Stealth        | |  2.4
Spellcasting   | |  3.2
Summonings     | |  1.0
Translocations | |  0.8

Action                   |  1- 3 |  4- 6 || total
-------------------------+-------+-------++-------
Melee: Unarmed           |     4 |       ||     4
       Short sword       |    13 |     7 ||    20
 Fire: Hunting sling     |       |    31 ||    31
 Cast: Magic Dart        |    71 |    54 ||   125
       Conjure Flame     |     1 |     1 ||     2
       Mephitic Cloud    |       |     5 ||     5
 Abil: Dig               |     1 |       ||     1
  Eat: Chunk             |       |     4 ||     4
Armor: Robe              |     5 |     4 ||     9
Dodge: Dodged            |    21 |    18 ||    39
